 Dungeon Crawl Stone Soup version 0.30.0-17-ge0270778cf (webtiles) character file.

Game seed: 13826012033319205704

42 zazu2006 the Magician (level 3, -2/28 HPs)
             Began as a Naga Hedge Wizard on May 21, 2023.
             Slain by a cerulean imp
             ... wielding a +2 spear
             ... summoned by Natasha
              (3 damage)
             ... on level 2 of the Dungeon.
             The game lasted 00:04:00 (1233 turns).

zazu2006 the Magician (Naga Hedge Wizard)           Turns: 1233, Time: 00:04:01

Health: -2/28      AC:  3    Str: 12    XL:     3   Next: 54%
Magic:  1/7        EV:  9    Int: 16    God:
Gold:   80         SH:  0    Dex: 10    Spells: 4/8 levels left

rFire   + . .        e - +1 demon trident
rCold   . . .        (no shield)
rNeg    . . .        o - +0 leather armour {rF+}
rPois   +            b - +0 helmet
rElec   .            (no cloak)
rCorr   .            (no gloves)
SInv    +            (no barding)
Will    .....        (no amulet)
Stlth   ++           (no ring)
HPRegen 0.24/turn    (no ring)
MPRegen 0.10/turn

%: no passive effects
@: mighty, flying, very slightly contaminated, very slow
A: AC +1, large, see invisible, deformed body, poison resistance, slowness 2,
spit poison 1, naga tail 1
a: Spit Poison


You were on level 2 of the Dungeon.
You visited 1 branch of the dungeon, and saw 2 of its levels.

You collected 80 gold pieces.

Inventory:

Hand Weapons
 a - a +0 dagger
 e - a +1 demon trident (weapon)
Armour
 b - a +0 helmet (worn)
 c - a +0 hat
 o - a +0 leather armour of fire resistance (worn)
Jewellery
 i - a ring of fire
Scrolls
 f - a scroll of enchant armour {unknown}
 k - a scroll of magic mapping {unknown}
 m - a scroll of enchant weapon
 p - a scroll of noise {unknown}
 q - a scroll of fear
Potions
 d - a potion of magic


   Skills:
 + Level 1.9 Polearms
 + Level 1.6 Dodging
 + Level 3.3 Stealth
 + Level 3.3 Spellcasting
 + Level 1.2 Conjurations
 + Level 1.0 Summonings
 + Level 1.0 Translocations
 * Level 0.8 Poison Magic


You had 4 spell levels left.
You knew the following spells:

 Your Spells              Type           Power      Damage    Failure   Level
a - Magic Dart            Conj           24%        1d4       14%         1
b - Mephitic Cloud        Conj/Pois/Air  4%         N/A       45%         3

Your spell library contained the following spells:

 Spells                   Type           Power      Damage    Failure   Level
 Slow                     Hex            8%         N/A       22%         1
 Blink                    Tloc           10%        N/A       22%         2
 Call Imp                 Summ           10%        N/A       22%         2
 Cigotuvi's Dreadful Rot  Necr/Pois/Air  6%         N/A       30%         2


Dungeon Overview and Level Annotations

Branches:
Dungeon (2/15)

Altars:

Shops:
D:2 =

Annotations:
D:2 Natasha


Innate Abilities, Weirdness & Mutations

Your serpentine skin is tough. (AC +1)
You have supernaturally acute eyesight. (SInv)
Armour fits poorly on your strangely shaped body.
Your system is resistant to poisons. (rPois)
You cover ground very slowly.
You can spit poison.
You have a snake-like lower body.


Message History

The jackal closely misses you. The cerulean imp barely misses you.
It was a potion of curing.
You feel better. The jackal bites you.
The cerulean imp hits you from afar with a +2 spear.
The jackal bites you but does no damage.
The cerulean imp barely misses you.
As you read the scroll labelled XUEQAB SAABBO, it crumbles to dust.
The scroll dissolves into smoke.
It was a scroll of fog.
The cerulean imp hits you from afar with a +2 spear.
* * * LOW HITPOINT WARNING * * *
The jackal closely misses you. The cerulean imp closely misses you.
Unknown command.
Okay, then.
Casting: Mephitic Cloud (extremely dangerous; 45% risk of failure)
Confirm with . or Enter, or press ? or * to list all spells.
The spell is extremely dangerous to miscast (45% risk of failure)!
Continue anyway? [Y]es or [N]o only, please.
The spell is extremely dangerous to miscast (45% risk of failure)!
Continue anyway?
Aiming: Mephitic Cloud (extremely dangerous; 45% risk of failure)
Press: ? - help, Shift-Dir - straight line, f - jackal
Aim: a jackal (black smoke, heavily wounded, chance to affect: 96%)
You miscast Mephitic Cloud.
Nothing appears to happen.
The cerulean imp closely misses you. The jackal completely misses you.
The cerulean imp hits you from afar with a +2 spear.
* * * LOW HITPOINT WARNING * * *
Unknown command.
Okay, then.
Casting: Mephitic Cloud (extremely dangerous; 45% risk of failure)
Confirm with . or Enter, or press ? or * to list all spells.
Okay, then.
As you read the scroll labelled CIQOTO VUARU, it crumbles to dust.
It is a scroll of identify.
q - a scroll of fear The jackal barely misses you.
Natasha wildly gestures.
You feel disoriented.
The cerulean imp hits you from afar with a +2 spear.
* * * LOW HITPOINT WARNING * * *
The jackal bites you but does no damage.
The cerulean imp hits you from afar with a +2 spear.
You die...

########### #.........#
######### #.#######.#
#........ #.# #...#.#
#........ #.###.#.#.#
#........
........#.########.....h..
#.###.........##@#.....h..
#.###.#.##.##.##h#........
#........#.#...5h5........
...............$h.........
......#....#..............
#.##.......#.#####........
..#........#.# #########
###.......)#.
###........#.


You could see Natasha, 2 cerulean imps and a jackal.

Vanquished Creatures
  An adder (D:2)
  A worm (D:2)
  2 bats
  2 endoplasms (D:1)
  A giant cockroach (D:2)
  3 goblins
  4 hobgoblins
  A jackal (D:2)
  A quokka (D:1)
  2 ball pythons (D:1)
  A frilled lizard (D:1)
  6 kobolds
  A rat (D:1)
26 creatures vanquished.

Notes
Turn   | Place    | Note
-------+----------+-------------------------------------------
     0 | D:1      | zazu2006 the Naga Hedge Wizard began the quest for the Orb.
     0 | D:1      | Reached XP level 1. HP: 15/15 MP: 4/4
   177 | D:1      | Reached XP level 2. HP: 21/22 MP: 6/6
   325 | D:1      | Reached skill level 1 in Polearms
   744 | D:2      | Found Niddolli's Jewellery Shoppe.
   848 | D:2      | Reached XP level 3. HP: 28/28 MP: 4/7
   852 | D:2      | Learned a level 3 spell: Mephitic Cloud
  1215 | D:2      | Noticed Natasha
  1233 | D:2      | HP: 1/28 [cerulean imp/+2 spear[Natasha] (4)]
  1233 | D:2      | Slain by a cerulean imp

Illustrated notes

Levels and vault maps discovered:
D:1:      lightli_arrival_quake, layout_rooms
D:2:      layout_basic, serial_shops, shop_fountains, wad_floor_pattern_2,
          uniq_natasha

Skill      XL: |  1  2 |
---------------+-------+-----
Polearms       | 1 |  1.9
Dodging        | |  1.6
Stealth        | |  3.3
Spellcasting   | |  3.3
Conjurations   | |  1.2
Summonings     | |  1.0
Translocations | |  1.0
Poison Magic   | |  0.8

Action                     || total
---------------------------++-------
  Melee: Demon trident     ||    68
   Cast: Magic Dart        ||    20
Ability: Spit Poison       ||     1
    Use: Scroll            ||     3
         Potion            ||     3
   Stab: Sleeping          ||     4
 Armour: Robe              ||     2
         Leather armour    ||    19
  Dodge: Dodged            ||    42
